 Dungeon Crawl Stone Soup version 0.31-a0-237-g2d982f9f85 (webtiles) character file.

Game seed: 6668129957981968511

578 qw the Shooter (level 7, -1/59 HPs)
             Began as a Minotaur Hexslinger on July 10, 2023.
             Slain by a scorpion (6 damage)
             ... on level 5 of the Dungeon.
             The game lasted 00:01:04 (3010 turns).

qw the Shooter (Minotaur Hexslinger)                Turns: 3010, Time: 00:01:04

Health: -1/59      AC:  8    Str: 13    XL:     7   Next: 13%
Magic:  7/7        EV:  2    Int: 10    God:
Gold:   100        SH:  0    Dex: 14    Spells: 7/8 levels left

rFire   + . .        Y - +0 arbalest
rCold   . . .        (shield currently unavailable)
rNeg    . . .        l - +0 ring mail
rPois   .            (helmet restricted)
rElec   .            (no cloak)
rCorr   .            p - +2 pair of gloves
SInv    +            (no boots)
Will    .....        (no amulet)
Stlth   +            g - ring of see invisible
HPRegen 0.29/turn    e - ring of protection from fire
MPRegen 0.10/turn

%: no passive effects
@: lethally poisoned (-1 -> -12), sleeping
A: horns 2, retaliatory headbutt
a: no special abilities


You were on level 5 of the Dungeon.
You visited 1 branch of the dungeon, and saw 5 of its levels.

You collected 203 gold pieces.
You spent 103 gold pieces at shops.


Innate Abilities, Weirdness & Mutations

You have a pair of horns on your head.
You reflexively headbutt those who attack you in melee.


   Skills:
 - Level 4.0 Fighting
 + Level 7.7 Ranged Weapons
 - Level 1.0 Armour
 - Level 2.1 Dodging
 - Level 1.0 Spellcasting
 - Level 2.0 Hexes


You had 7 spell levels left.
You knew the following spells:

 Your Spells              Type           Power      Damage    Failure   Level
a - Slow                  Hex            16%        N/A       32%         1

Your spell library contained the following spells:

 Spells                   Type           Power      Damage    Failure   Level
 Inner Flame              Hex/Fire       2%         N/A       82%         3
 Portal Projectile        Hex/Tloc       4%         N/A       82%         3
 Cause Fear               Hex            2%         N/A       97%         4

Inventory:

Hand Weapons
 Y - a +0 arbalest (weapon)
Armour
 l - a +0 ring mail (worn)
 p - a +2 pair of gloves (worn)
Jewellery
 e - a ring of protection from fire (right hand)
 g - a ring of see invisible (left hand)
Scrolls
 d - a scroll of identify
Potions
 a - a potion of haste {unknown}
 b - a potion of resistance
 c - a potion of mutation {unknown}
 f - a potion of magic {unknown}
 h - a potion of lignification {unknown}
 j - a potion of degeneration {unknown}
 k - a potion of cancellation {unknown}
 n - a potion of invisibility {unknown}
 o - a potion of brilliance {unknown}

Dungeon Overview and Level Annotations

Branches:
Dungeon (5/15)
 Temple: D:4-7

Altars:
Cheibriados
Dithmenos
Elyvilon
Sif Muna

Shops:
D:3 *[(=?


Message History

The scorpion closely misses you. The scorpion stings you.
You are poisoned.
The scorpion poisons you! The scorpion barely misses you.
The sleepcap barely misses you. You furiously retaliate!
You headbutt the sleepcap!
The scorpion stings you but does no damage.
You shoot a bolt.
The bolt hits the scorpion but does no damage.
The scorpion is almost dead.
You feel very sick. The scorpion closely misses you.
The sleepcap barely misses you. The scorpion stings you.
The scorpion stings you but does no damage.
The sleepcap releases spores at you. The scorpion closely misses you.
You furiously retaliate!
You headbutt the scorpion!
You kill the scorpion!
You shoot a bolt. The bolt hits the sleepcap.
The sleepcap is heavily damaged.
You feel very sick.
The scorpion stings you but does no damage.
The sleepcap releases spores at you but does no damage.
The scorpion stings you. The sleepcap misses you.
You shoot a bolt.
The bolt hits the sleepcap but does no damage.
The sleepcap is heavily damaged.
You feel sick. The scorpion stings you.
The scorpion stings you but does no damage.
The sleepcap releases spores at you but does no damage.
You shoot a bolt. The bolt hits the sleepcap!
The sleepcap is almost destroyed.
You feel sick. The scorpion stings you.
You are lethally poisoned!
The scorpion poisons you! The sleepcap closely misses you.
The scorpion stings you but does no damage.
The sleepcap releases spores at you.
You are engulfed in a cloud of soporific spores!
You fall asleep.
You feel very sick. The scorpion stings you.
You die...

#.....#..# #......#
#.....#..#.
#......####.........
#....... .........#
#.....>####.......#
#...............#.#
#...............#.#
#$###.f.............#
#......@............#
##....s)............##..
#.....#######....%<...)
....... #..........
....... #..........
....... #.......##.
....... #.......#
....... #........
#......#.#


You could see a sleepcap and a scorpion.

Vanquished Creatures
  Duvessa (D:4)
  An ice beast (D:5)
  A phantom (D:4)
  Blork the orc (D:5)
  A scorpion (D:5)
  Dowan (D:4)
  A jelly (D:5)
  Jessica (D:3)
  An adder (D:5)
  An ufetubus (D:5)
  A worm (D:2)
  2 dart slugs (D:1)
  7 orcs
  2 ball pythons
  2 bats
  7 endoplasms
  A giant cockroach (D:3)
  9 goblins
  7 hobgoblins
  2 quokkas
  A frilled lizard (D:1)
  5 kobolds
  3 rats
59 creatures vanquished.

Vanquished Creatures (others)
  A butterfly (D:3)
1 creature vanquished.

Grand Total: 60 creatures vanquished

Notes
Turn   | Place    | Note
-------+----------+-------------------------------------------
     0 | D:1      | qw the Minotaur Hexslinger began the quest for the Orb.
     0 | D:1      | Reached XP level 1. HP: 16/16 MP: 1/1
     0 | D:1      | 0 ||| qw: Version: 0.3-a-52-g30416fa
     0 | D:1      | 0 ||| qw: Game counter: 5203
     0 | D:1      | 0 ||| qw: Melee chars always use a shield: true
     0 | D:1      | 0 ||| qw: God list: Okawaru
     0 | D:1      | 0 ||| qw: Allow faded altars: false
     0 | D:1      | 0 ||| qw: Do Orc after clearing Dungeon:15 true
     0 | D:1      | 0 ||| qw: Do second Lair branch before Depths: true
     0 | D:1      | 0 ||| qw: Lair rune preference: random
     0 | D:1      | 0 ||| qw: Goals: Normal
     0 | D:1      | 0 ||| PLANNING D:1-11
   456 | D:1      | Reached skill level 3 in Ranged Weapons
   456 | D:1      | Reached XP level 2. HP: 23/23 MP: 2/2
   874 | D:1      | 874 ||| UPGRADING to +0 pair of gloves.
   879 | D:1      | 879 ||| UPGRADING to +0 ring mail.
   889 | D:1      | 889 ||| DROPPING +0 robe.
   890 | D:1      | 890 ||| UPGRADING to ring of see invisible.
   891 | D:1      | 891 ||| READING scroll labelled ZAUPHU TITIFA.
   892 | D:1      | 892 ||| READING scroll labelled CAEXANU FIXZA.
   893 | D:1      | 893 ||| READING 2 scrolls labelled UBREUD WOELLO.
   894 | D:1      | 894 ||| READING scroll labelled VOTIKHL CUICIKH.
   895 | D:1      | 895 ||| DRINKING 3 metallic black potions.
   896 | D:1      | 896 ||| DROPPING scroll of poison.
   897 | D:1      | 897 ||| DROPPING scroll of vulnerability.
  1230 | D:2      | Reached XP level 3. HP: 29/29 MP: 3/3
  1587 | D:2      | 1587 ||| UPGRADING to ring of protection from fire.
  1588 | D:2      | 1588 ||| READING scroll labelled OMAERIMYDD.
  1589 | D:2      | 1589 ||| READING scroll labelled GIGIMO EDGHOA.
  1590 | D:2      | 1590 ||| READING scroll labelled QIDWOO CEIC KAJ.
  1601 | D:3      | Noticed Jessica
  1603 | D:3      | Killed Jessica
  1604 | D:3      | Reached skill level 4 in Ranged Weapons
  1604 | D:3      | Found Gigre's Assorted Antiques.
  1620 | D:3      | 1620 ||| FLEEEEING.
  1621 | D:3      | 1621 ||| FLEEEEING.
  1622 | D:3      | 1622 ||| STAIRDANCE
  1650 | D:3      | 1650 ||| BUYING arbalest (103 gold).
  1650 | D:3      | Bought an arbalest for 103 gold pieces
  1650 | D:3      | 1650 ||| SHOPLISTING murky amethyst potion (20 gold, have
                  | 5).
  1650 | D:3      | 1650 ||| SHOPLISTING orange potion (20 gold, have 5).
  1650 | D:3      | 1650 ||| SHOPLISTING scroll labelled YJISTO ECUISAVOG (23
                  | gold, have 5).
  1650 | D:3      | 1650 ||| SWAPPING to +0 arbalest.
  1651 | D:3      | 1651 ||| DROPPING +2 sling.
  1659 | D:3      | Found a shadowy altar of Dithmenos.
  1664 | D:3      | Found a shimmering blue altar of Sif Muna.
  1669 | D:3      | Found a snail-covered altar of Cheibriados.
  1706 | D:3      | Found Xeho's Antique Armour Emporium.
  1708 | D:3      | Reached skill level 1 in Armour
  1712 | D:3      | 1712 ||| SHOPLISTING runed leather armour (145 gold, have
                  | 5).
  1718 | D:3      | Found Dodaiw's Weapon Emporium.
  1769 | D:3      | Reached XP level 4. HP: 36/36 MP: 4/4
  1770 | D:3      | Found Gidey's Jewellery Boutique.
  1775 | D:3      | 1775 ||| FLEEEEING.
  1776 | D:3      | 1776 ||| FLEEEEING.
  1777 | D:3      | 1777 ||| FLEEEEING.
  1778 | D:3      | 1778 ||| FLEEEEING.
  1779 | D:3      | 1779 ||| FLEEEEING.
  1797 | D:3      | 1797 ||| FLEEEEING.
  1832 | D:3      | Found Saikuas's Magic Scroll Shop.
  1845 | D:3      | 1845 ||| SHOPLISTING 2 scrolls of identify (48 gold, have
                  | 13).
  1845 | D:3      | 1845 ||| SHOPLISTING scroll of identify (24 gold, have 13).
  1845 | D:3      | 1845 ||| SHOPLISTING scroll of teleportation (36 gold, have
                  | 13).
  1895 | D:3      | Found a white marble altar of Elyvilon.
  1975 | D:3      | 1975 ||| SHOPLISTING +5 ring of evasion (432 gold, have
                  | 23).
  1975 | D:3      | 1975 ||| SHOPLISTING +6 ring of dexterity (432 gold, have
                  | 23).
  1975 | D:3      | 1975 ||| SHOPLISTING +6 ring of strength (432 gold, have
                  | 23).
  1975 | D:3      | 1975 ||| SHOPLISTING amulet of faith (480 gold, have 23).
  1975 | D:3      | 1975 ||| SHOPLISTING amulet of regeneration (360 gold, have
                  | 23).
  1975 | D:3      | 1975 ||| SHOPLISTING ring of fire (300 gold, have 23).
  1975 | D:3      | 1975 ||| SHOPLISTING ring of ice (300 gold, have 23).
  2048 | D:3      | 2048 ||| UPGRADING to +1 pair of gloves.
  2058 | D:3      | 2058 ||| DROPPING +0 pair of gloves.
  2059 | D:3      | 2059 ||| DROPPING amulet of magic regeneration.
  2060 | D:3      | 2060 ||| READING scroll labelled ISHRUTO ACAL.
  2061 | D:3      | 2061 ||| READING scroll labelled DACULUBRABOUFF.
  2081 | D:4      | Noticed Duvessa
  2081 | D:4      | Noticed Dowan
  2082 | D:4      | 2082 ||| Stepping ~*~*~tactically~*~*~ (outnumbered).
  2090 | D:4      | HP: 7/36 [Duvessa/puff of flame (4)]
  2091 | D:4      | 2091 ||| DRINKING 2 potions of heal wounds.
  2097 | D:4      | HP: 9/36 [Duvessa/+0 short sword (3)]
  2098 | D:4      | 2098 ||| DRINKING potion of heal wounds.
  2101 | D:4      | Killed Duvessa
  2102 | D:4      | Reached skill level 5 in Ranged Weapons
  2102 | D:4      | Reached XP level 5. HP: 26/41 MP: 5/5
  2106 | D:4      | Killed Dowan
  2107 | D:4      | Reached skill level 3 in Fighting
  2238 | D:4      | Noticed a phantom
  2245 | D:4      | Killed a phantom
  2246 | D:4      | Reached skill level 6 in Ranged Weapons
  2246 | D:4      | Reached XP level 6. HP: 51/51 MP: 6/6
  2468 | D:4      | 2468 ||| READING scroll of enchant armour.
  2468 | D:4      | 2468 ||| ENCHANTING +1 pair of gloves.
  2932 | D:4      | 2932 ||| READING scroll labelled MALAF OHUC.
  2933 | D:4      | 2933 ||| DRINKING 2 amethyst potions.
  2941 | D:5      | Entered Level 5 of the Dungeon
  2943 | D:5      | Noticed an ice beast
  2959 | D:5      | Killed an ice beast
  2960 | D:5      | Reached skill level 7 in Ranged Weapons
  2998 | D:5      | Noticed Blork the orc
  3004 | D:5      | Killed Blork the orc
  3005 | D:5      | Reached XP level 7. HP: 45/59 MP: 7/7
  3009 | D:5      | HP: 12/59 [scorpion (6)]
  3010 | D:5      | HP: 5/59 [poisoned by a scorpion]
  3010 | D:5      | Slain by a scorpion

Levels and vault maps discovered:
D:1:      sevenhm_arrival_forest_fort_small_4, layout_loops_corners,
          nicolae_figureground_sparkle
D:2:      layout_loops_ring
D:3:      layout_rooms, nicolae_elyvilon_peaceful_grove, minitemple,
          serial_shops, shop_statue, shop, shop, shop, nicolae_shop_waterfront,
          uniq_jessica
D:4:      layout_loops_ring, minmay_misc_feat_rows, grunt_ministairs_2,
          uniq_duvessa
D:5:      layout_basic, serial_bayou_pond_e, kennysheep_generic_room_14,
          uniq_eustachio, uniq_blork_the_orc, uniq_menkaure

Skill      XL: |  1  2  3  4  5  6 |
---------------+-------------------+-----
Ranged Weapons | 3 4 5 6 7 |  7.7
Fighting       | 2 3 4 |  4.0
Armour         | 1 |  1.0
Dodging        | |  2.1
Spellcasting   | |  1.0
Hexes          | |  2.0

Action                     |  1- 3 |  4- 6 |  7- 9 || total
---------------------------+-------+-------+-------++-------
   Fire: Sling             |    95 |       |       ||    95
         Arbalest          |     8 |    93 |     5 ||   106
    Use: Scroll            |     7 |     4 |       ||    11
         Potion            |     1 |     3 |       ||     4
 Armour: Ring mail         |     9 |    52 |     7 ||    68
         Robe              |     3 |       |       ||     3
  Dodge: Dodged            |    24 |    53 |     8 ||    85

Table legend:
 A = Non-vault XP
 B = Vault XP
 C = Vault XP percentage of total XP
 D = Non-vault monster count
 E = Vault monster count
 F = Vault count percentage of total count
                 A         B        C        D         E       F
            +---------+---------+-------+---------+---------+-------
      Total |     476 |     351 |  42.4 |      53 |       6 |  10.2
            +---------+---------+-------+---------+---------+-------
        D:1 |      24 |       0 |   0.0 |      11 |       0 |   0.0
        D:2 |      22 |       0 |   0.0 |      11 |       0 |   0.0
        D:3 |      36 |      37 |  50.7 |      16 |       1 |   5.9
        D:4 |     124 |     218 |  63.7 |      10 |       4 |  28.6
        D:5 |     270 |      96 |  26.2 |       5 |       1 |  16.7
            +---------+---------+-------+---------+---------+-------
